 Dungeon Crawl Stone Soup version 0.25-a0-589-g1e14c549ee (webtiles) character file.

Game seed: 15279803617597149242, levelgen mode: deterministic

240 An17 the Insei (level 5, 0/40 HPs)
             Began as a Draconian Transmuter on Mar 11, 2020.
             Slain by an orc warrior
             ... wielding a +0 short sword
              (5 damage)
             ... on level 4 of the Dungeon.
             The game lasted 00:06:46 (2570 turns).

An17 the Insei (Draconian Transmuter)               Turns: 2570, Time: 00:06:47

Health: 0/40       AC:  2    Str: 12    XL:     5   Next: 79%
Magic:  7/9        EV: 20    Int: 14    God:
Gold:   115        SH:  0    Dex: 17    Spells: 4/10 levels left

rFire    . . .     SeeInvis .     - Unarmed
rCold    . . .     Gourm    .   (shield currently unavailable)
rNeg     . . .     Faith    .   (armour unavailable)
rPois    x         Spirit   .   (helmet currently unavailable)
rElec    .         Reflect  .   (cloak currently unavailable)
rCorr    .         Harm     .   (gloves currently unavailable)
MR       .....                  (boots currently unavailable)
Stlth    ++........             (no amulet)
HPRegen  0.13/turn              (no ring)
MPRegen  0.11/turn              (no ring)

@: spider-form (expiring)
A: tiny, unfitting armour, AC +5
a: End Transformation


You were on level 4 of the Dungeon.
You were not hungry.
You were a venomous arachnid creature.
You visited 1 branch of the dungeon, and saw 4 of its levels.

You collected 115 gold pieces.

Inventory:

Missiles
 a - 25 arrows
Armour
 i - a +0 pair of boots (melded)
 j - a +0 cloak (melded)
Scrolls
 l - a scroll of amnesia
Potions
 b - a potion of brilliance
 d - 2 potions of curing {unknown}
 e - 2 potions of degeneration {unknown}
 f - 2 potions of mutation
 g - a potion of haste {unknown}
 h - 3 potions of might
 m - a potion of heal wounds {unknown}
 n - a potion of lignification {unknown}
Comestibles
 c - a ration


   Skills:
 + Level 1.3 Fighting
 + Level 2.7 Dodging
 + Level 4.9 Unarmed Combat
 + Level 3.0 Spellcasting
 + Level 3.1 Transmutations


You had 4 spell levels left.
You knew the following spells:

 Your Spells              Type           Power        Failure   Level  Hunger
a - Beastly Appendage     Tmut           ##....       17%         1    #......
b - Sticks to Snakes      Tmut           ##......     22%         2    ##.....
c - Spider Form           Tmut/Pois      #.........   54%         3    ###....

Your spell library contained the following spells:

 Spells                   Type           Power        Failure   Level  Hunger
 Ice Form                 Ice/Tmut       #.......     89%         4    #####..
 Blade Hands              Tmut           ##........   95%         5    ######.


Dungeon Overview and Level Annotations

Branches:
Dungeon (3/15)

Altars:
Ashenzari
Makhleb
Uskayaw
Vehumet
The Shining One


Innate Abilities, Weirdness & Mutations

((Your plain brown scales are hard. (AC +5)))
You cannot fit into any form of body armour.
((You are cold-blooded and may be slowed by cold attacks.))


Message History

You barely miss the gnoll.
The gnoll is lightly wounded.
The gnoll misses you.
You bite the gnoll!
You kill the gnoll!
Your Spellcasting skill increases to level 3!
The orc completely misses you. The orc warrior misses you.
You hit the gnoll.
The gnoll is poisoned.
The gnoll is severely wounded.
The orc completely misses you.
The orc warrior hits you with a +0 short sword!!
* * * LOW HITPOINT WARNING * * *
You are too injured to fight recklessly!
You are too injured to fight recklessly!
Your transformation is almost over.
You kill the gnoll!
The orc misses you.
Found a hide-covered altar of Uskayaw.
The orc warrior hits you with a +0 short sword.
You die...

....####....###.......
.....................
..?...........#....#
..........ag.......# ...
.##....#g......# ...
#####..##o.....#
..o##.##gg###..o...## ##
#o....ao{.##..o....##.#
###..........##s....#.###
##.###.....##.........#
#..###)....#.......#
#.#g.#........รท...##
................^..####
##.....................#
###........>....####+##
#.............#
...............#


You could see an orc warrior, a worker ant, 2 gnolls and 2 orcs.

Vanquished Creatures
  An ogre (D:4)
  A worker ant (D:4)
  5 adders
  2 gnolls (D:4)
  2 worms (D:2)
  A dart slug (D:1)
  3 leopard geckos
  2 bats
  2 giant cockroaches
  5 goblins (D:2)
  9 hobgoblins
  4 jackals (D:1)
  5 quokkas
  2 ball pythons
  2 frilled lizards
  9 kobolds
  7 rats
62 creatures vanquished.

Notes
Turn   | Place    | Note
-------+----------+-------------------------------------------
     0 | D:1      | An17 the Draconian Transmuter began the quest for the Orb.
     0 | D:1      | Reached XP level 1. HP: 16/16 MP: 3/3
   241 | D:1      | Reached XP level 2. HP: 23/23 MP: 3/5
   255 | D:1      | Learned a level 2 spell: Sticks to Snakes
   766 | D:2      | Found a burning altar of Makhleb.
   793 | D:2      | Reached XP level 3. HP: 27/28 MP: 4/6
   798 | D:2      | Learned a level 3 spell: Spider Form
   953 | D:2      | Found a glowing golden altar of the Shining One.
   970 | D:2      | Reached skill level 4 in Unarmed Combat
  1440 | D:2      | Found a burning altar of Makhleb.
  1457 | D:2      | Found a radiant altar of Vehumet.
  1469 | D:2      | Reached XP level 4. HP: 17/35 MP: 7/7
  1513 | D:2      | Found a shattered altar of Ashenzari.
  2272 | D:3      | You fall into a shaft and drop 1 floor!
  2273 | D:4      | Noticed an ogre
  2312 | D:4      | HP: 1/35 [ogre/+0 giant club (23)]
  2320 | D:4      | Killed an ogre
  2320 | D:4      | Reached XP level 5. HP: 3/40 MP: 6/9
  2544 | D:4      | Noticed an orc warrior
  2566 | D:4      | Found a hide-covered altar of Uskayaw.
  2570 | D:4      | Slain by an orc warrior

Levels and vault maps discovered:
D:1:      minmay_arrival_three_doors, layout_basic, minmay_crystal_room
D:2:      layout_loops_cross, grunt_temple_overflow_open, tso_oasis_becter,
          ashenzari_altar_1, bloody_makhleb
D:3:      layout_loops_corners, first_ration
D:4:      layout_cave_pools, chequers_temple_overflow_statue_of_worship,
          led_xom_imps, uniq_robin, uniq_duvessa, uniq_pikel

Skill      XL: |  1  2  3  4  5 |
---------------+----------------+-----
Dodging        | 2 |  2.7
Unarmed Combat | 4 |  4.9
Transmutations | 3 |  3.1
Spellcasting   | 3 |  3.0
Fighting       | |  1.3

Action                   |  1- 3 |  4- 6 || total
-------------------------+-------+-------++-------
Melee: Unarmed           |   123 |   100 ||   223
       Kick              |     5 |       ||     5
       Tailslap          |     8 |    10 ||    18
       Headbutt          |     7 |     7 ||    14
       Punch             |       |     1 ||     1
 Cast: Beastly Appendage |    15 |     8 ||    23
       Spider Form       |       |     2 ||     2
  Use: Scroll            |     5 |     3 ||     8
 Stab: Sleeping          |     1 |       ||     1
  Eat: Ration            |     1 |     1 ||     2
Armor: Skin              |    30 |    37 ||    67
Dodge: Dodged            |    57 |    65 ||   122

Table legend:
 A = Non-vault XP
 B = Vault XP
 C = Vault XP percentage of total XP
 D = Non-vault monster count
 E = Vault monster count
 F = Vault count percentage of total count
                 A         B        C        D         E       F
            +---------+---------+-------+---------+---------+-------
      Total |     343 |       0 |   0.0 |      62 |       0 |   0.0
            +---------+---------+-------+---------+---------+-------
        D:1 |      33 |       0 |   0.0 |      19 |       0 |   0.0
        D:2 |      89 |       0 |   0.0 |      29 |       0 |   0.0
        D:3 |      40 |       0 |   0.0 |       9 |       0 |   0.0
        D:4 |     181 |       0 |   0.0 |       5 |       0 |   0.0
            +---------+---------+-------+---------+---------+-------
